| TOP OF THE 1ST |
|
Milwaukee Brewers batting - Pitching for Toronto Blue Jays : LHP Thomas Linnert
|
|
Pitching: LHP Thomas Linnert
|
|
|
Batting: RHB Steve Sax
|
0-0: Called Strike 0-1: Foul Ball, location: 2F 0-2: Fly out, F9 (Line Drive, 9S, EV 96.3 MPH)
|
|
Batting: LHB Von Hayes
|
0-0: Ball 1-0: Ball 2-0: Foul Ball, location: 2F 2-1: Swinging Strike 2-2: Foul Ball, location: 2F 2-2: Ball 3-2: Base on Balls
|
|
Batting: RHB Eric Davis
|
0-0: Ball 1-0: Called Strike Von Hayes steals 2nd base 1-1: Ball 2-1: Swinging Strike 2-2: Strikes out swinging
|
|
Batting: RHB Mike Schmidt
|
0-0: Foul Ball, location: 2F 0-1: Ball 1-1: Swinging Strike 1-2: Ball 2-2: Foul Ball, location: 2F 2-2: Fly out, F7 (Flyball, 78M, EV 78.1 MPH)
|
| Top of the 1st over - 0 runs, 0 hits, 0 errors, 1 left on base; Milwaukee 0 - Toronto 0 |
| BOTTOM OF THE 1ST |
|
Toronto Blue Jays batting - Pitching for Milwaukee Brewers : RHP Kevin Gross
|
|
Pitching: RHP Kevin Gross
|
|
|
Batting: LHB Sheldon Mallory
|
0-0: Ball 1-0: Foul Ball, location: 2F 1-1: Hit by Pitch
|
|
Batting: RHB Jose Gonzalez
|
0-0: Ball Sheldon Mallory is caught stealing 2nd base 2-4 1-0: Ball 2-0: Foul Ball, location: 2F 2-1: Ball 3-1: Called Strike 3-2: SINGLE (Groundball, 4D, EV 103.8 MPH)
|
|
Batting: RHB Andres Galarraga
|
0-0: Called Strike 0-1: SINGLE (Flyball, 3D, EV 88.1 MPH) Jose Gonzalez to second
|
|
Batting: RHB Juan Monasterio
|
0-0: Ball Andres Galarraga steals 2nd base Jose Gonzalez steals 3rd base 1-0: Called Strike 1-1: Fly out, F5 (Popup, 5SF, EV 83.1 MPH)
|
|
Batting: LHB Darryl Strawberry
|
0-0: Ball 1-0: Ball 2-0: Fly out, F8 (Line Drive, 8RM, EV 88.1 MPH)
|
| Bottom of the 1st over - 0 runs, 2 hits, 0 errors, 2 left on base; Milwaukee 0 - Toronto 0 |
| TOP OF THE 2ND |
|
Milwaukee Brewers batting - Pitching for Toronto Blue Jays : LHP Thomas Linnert
|
|
Batting: SHB Eddie Murray
|
0-0: Called Strike 0-1: Ball 1-1: Swinging Strike 1-2: Foul Ball, location: 2F 1-2: SINGLE (Line Drive, 9S, EV 88.1 MPH)
|
|
Batting: RHB Glenn Davis
|
0-0: Called Strike 0-1: Ball 1-1: Swinging Strike 1-2: Strikes out swinging
|
|
Batting: RHB Ken Landreaux
|
0-0: Called Strike 0-1: Ball 1-1: Ball 2-1: Ball 3-1: Base on Balls Eddie Murray to second
|
|
Batting: RHB Tim Laudner
|
0-0: Swinging Strike 0-1: Foul Ball, location: 2F 0-2: Ball 1-2: Ball 2-2: Ball 3-2: Strikes out swinging Eddie Murray steals 3rd base Batter strikes out. Ken Landreaux to second
|
|
Batting: SHB Alfredo Griffin
|
0-0: Foul Ball, location: 2F 0-1: Foul Ball, location: 2F 0-2: Ball 1-2: Strikes out swinging
|
| Top of the 2nd over - 0 runs, 1 hit, 0 errors, 2 left on base; Milwaukee 0 - Toronto 0 |
| BOTTOM OF THE 2ND |
|
Toronto Blue Jays batting - Pitching for Milwaukee Brewers : RHP Kevin Gross
|
|
Batting: RHB Cal Ripken
|
0-0: Ball 1-0: Called Strike 1-1: Swinging Strike 1-2: Ball 2-2: Foul Ball, location: 2F 2-2: Ground out 4-3 (Groundball, 4MD, EV 89.4 MPH)
|
|
Batting: LHB Manny Leal
|
0-0: SOLO HOME RUN (Flyball, 9D, EV 103.1 MPH), Distance : 407 ft
|
|
Batting: RHB Fritzie Connally
|
0-0: SINGLE (Flyball, 3D, EV 84.4 MPH)
|
|
Batting: SHB Harold Reynolds
|
0-0: Ball Fritzie Connally steals 2nd base 1-0: Ground out 1-3 (Groundball, 13S, EV 72.5 MPH) Fritzie Connally to third
|
|
Batting: LHB Sheldon Mallory
|
0-0: Ball 1-0: Ball 2-0: Ball 3-0: Base on Balls
|
|
Batting: RHB Jose Gonzalez
|
0-0: Swinging Strike 0-1: Ball 1-1: Called Strike 1-2: Fly out, F6 (Flyball, 6D, EV 88.1 MPH)
|
| Bottom of the 2nd over - 1 run, 2 hits, 0 errors, 2 left on base; Milwaukee 0 - Toronto 1 |
| TOP OF THE 3RD |
|
Milwaukee Brewers batting - Pitching for Toronto Blue Jays : LHP Thomas Linnert
|
|
Batting: RHB Steve Sax
|
0-0: Ball 1-0: Ground out 4-3 (Groundball, 34D, EV 103.1 MPH)
|
|
Pitching: RHP Andy McCord
|
|
|
Batting: LHB Von Hayes
|
0-0: Ball 1-0: Swinging Strike 1-1: Ball 2-1: Ball 3-1: Ground out U3 (Groundball, 3, EV 104.4 MPH)
|
|
Batting: RHB Eric Davis
|
0-0: Swinging Strike 0-1: Ball 1-1: SINGLE (Line Drive, 8LS, EV 106.9 MPH)
|
|
Batting: RHB Mike Schmidt
|
0-0: Ball 1-0: Ball 2-0: Ball 3-0: Base on Balls Eric Davis to second
|
|
Batting: SHB Eddie Murray
|
0-0: Ball 1-0: 3-RUN HOME RUN (Flyball, 9D, EV 98.8 MPH), Distance : 403 ft
|
|
Batting: RHB Glenn Davis
|
0-0: Ground out 1-3 (Groundball, 15S, EV 68.1 MPH)
|
| Top of the 3rd over - 3 runs, 2 hits, 0 errors, 0 left on base; Milwaukee 3 - Toronto 1 |
| BOTTOM OF THE 3RD |
|
Toronto Blue Jays batting - Pitching for Milwaukee Brewers : RHP Kevin Gross
|
|
Batting: RHB Andres Galarraga
|
0-0: Ground out U3 (Groundball, 34, EV 78.1 MPH)
|
|
Batting: RHB Juan Monasterio
|
0-0: Ball 1-0: Ball 2-0: Called Strike 2-1: Ground out 3-1 (Groundball, 34, EV 107.5 MPH)
|
|
Batting: LHB Darryl Strawberry
|
0-0: Called Strike 0-1: SINGLE (Groundball, 56D, EV 110.6 MPH)
|
|
Batting: RHB Cal Ripken
|
0-0: Fly out, F9 (Flyball, 9LM, EV 76.3 MPH)
|
| Bottom of the 3rd over - 0 runs, 1 hit, 0 errors, 1 left on base; Milwaukee 3 - Toronto 1 |
| TOP OF THE 4TH |
|
Milwaukee Brewers batting - Pitching for Toronto Blue Jays : RHP Andy McCord
|
|
Batting: RHB Ken Landreaux
|
0-0: Called Strike 0-1: Ball 1-1: Ball 2-1: Swinging Strike 2-2: Foul Ball, location: 2F 2-2: Strikes out swinging
|
|
Batting: RHB Tim Laudner
|
0-0: Called Strike 0-1: Fly out, F8 (Flyball, 8LXD, EV 108.1 MPH)
|
|
Batting: SHB Alfredo Griffin
|
0-0: Called Strike 0-1: Ball 1-1: Ground out 6-3 (Groundball, 6, EV 83.8 MPH)
|
| Top of the 4th over - 0 runs, 0 hits, 0 errors, 0 left on base; Milwaukee 3 - Toronto 1 |
| BOTTOM OF THE 4TH |
|
Toronto Blue Jays batting - Pitching for Milwaukee Brewers : RHP Kevin Gross
|
|
Batting: LHB Manny Leal
|
0-0: Swinging Strike 0-1: SOLO HOME RUN (Flyball, 9LD, EV 98.1 MPH), Distance : 354 ft
|
|
Batting: RHB Fritzie Connally
|
0-0: Ball 1-0: Ball 2-0: Ground out 4-3 (Groundball, 4, EV 101.9 MPH)
|
|
Batting: SHB Harold Reynolds
|
0-0: Ball 1-0: Ball 2-0: Ball 3-0: Base on Balls
|
|
Batting: LHB Sheldon Mallory
|
0-0: Called Strike Harold Reynolds steals 2nd base 0-1: Foul Ball, location: 2F 0-2: Ball 1-2: Strikes out swinging
|
|
Batting: RHB Jose Gonzalez
|
0-0: Ball 1-0: Fly out, F3 (Popup, 3SF, EV 83.8 MPH)
|
| Bottom of the 4th over - 1 run, 1 hit, 0 errors, 1 left on base; Milwaukee 3 - Toronto 2 |
| TOP OF THE 5TH |
|
Milwaukee Brewers batting - Pitching for Toronto Blue Jays : RHP Andy McCord
|
|
Batting: RHB Steve Sax
|
0-0: Called Strike 0-1: Ball 1-1: Ball 2-1: Ball 3-1: Base on Balls
|
|
Batting: LHB Von Hayes
|
0-0: Ball 1-0: Ball 2-0: Ball 3-0: Called Strike 3-1: Base on Balls Steve Sax to second
|
|
Batting: RHB Eric Davis
|
0-0: Ball 1-0: Ball 2-0: Called Strike 2-1: Grounds into double play, 6-4-3 (Groundball, 6S, EV 91.3 MPH) Steve Sax to third
|
|
Batting: RHB Mike Schmidt
|
0-0: Ball 1-0: Swinging Strike 1-1: Ball 2-1: Ball 3-1: Base on Balls
|
|
Batting: SHB Eddie Murray
|
0-0: Swinging Strike 0-1: Ball 1-1: Fielders Choice at 2nd, 5-4 (Groundball, 56, EV 88.8 MPH)
|
| Top of the 5th over - 0 runs, 0 hits, 0 errors, 2 left on base; Milwaukee 3 - Toronto 2 |
| BOTTOM OF THE 5TH |
|
Toronto Blue Jays batting - Pitching for Milwaukee Brewers : RHP Kevin Gross
|
|
Pitching: RHP Jim M Lewis
|
|
|
Batting: RHB Andres Galarraga
|
0-0: Called Strike 0-1: Swinging Strike 0-2: Ball 1-2: Ball 2-2: Fly out, F8 (Line Drive, 8LD, EV 103.8 MPH)
|
|
Batting: RHB Juan Monasterio
|
0-0: Ball 1-0: Called Strike 1-1: Ball 2-1: Fly out, F3 (Line Drive, 3, EV 73.8 MPH)
|
|
Batting: LHB Darryl Strawberry
|
0-0: Ball 1-0: Foul Ball, location: 2F 1-1: Swinging Strike 1-2: Strikes out looking
|
| Bottom of the 5th over - 0 runs, 0 hits, 0 errors, 0 left on base; Milwaukee 3 - Toronto 2 |
| TOP OF THE 6TH |
|
Milwaukee Brewers batting - Pitching for Toronto Blue Jays : RHP Andy McCord
|
|
Pitching: LHP Pete Filson
|
|
|
Batting: RHB Glenn Davis
|
0-0: Ball 1-0: Ball 2-0: Called Strike 2-1: Fly out, F8 (Line Drive, 8LD, EV 93.8 MPH)
|
|
Batting: RHB Ken Landreaux
|
0-0: Fly out, F9 (Line Drive, 9, EV 90.6 MPH)
|
|
Batting: RHB Tim Laudner
|
0-0: Ball 1-0: SINGLE (Groundball, 6MD, EV 103.8 MPH)
|
|
Batting: SHB Alfredo Griffin
|
0-0: Ball 1-0: Swinging Strike 1-1: Foul Ball, location: 2F 1-2: Hit by Pitch Tim Laudner to second
|
|
Pinch Hitting: RHB Brian J Giles
|
0-0: Foul Ball, location: 2F 0-1: Swinging Strike 0-2: Strikes out swinging
|
| Top of the 6th over - 0 runs, 1 hit, 0 errors, 2 left on base; Milwaukee 3 - Toronto 2 |
| BOTTOM OF THE 6TH |
|
Toronto Blue Jays batting - Pitching for Milwaukee Brewers : RHP Jim M Lewis
|
|
Now at 2B: Brian J Giles
|
|
|
Batting: RHB Cal Ripken
|
0-0: Ball 1-0: Ball 2-0: Ball 3-0: Called Strike 3-1: Fly out, F6 (Popup, 4M, EV 75.0 MPH)
|
|
Batting: LHB Manny Leal
|
0-0: Called Strike 0-1: Swinging Strike 0-2: Strikes out looking
|
|
Batting: RHB Fritzie Connally
|
0-0: Ball 1-0: Fly out, F7 (Flyball, 7, EV 82.5 MPH)
|
| Bottom of the 6th over - 0 runs, 0 hits, 0 errors, 0 left on base; Milwaukee 3 - Toronto 2 |
| TOP OF THE 7TH |
|
Milwaukee Brewers batting - Pitching for Toronto Blue Jays : LHP Pete Filson
|
|
Pinch Hitting: LHB Harold Baines
|
0-0: Called Strike 0-1: Fly out, F8 (Flyball, 8LXD, EV 97.5 MPH)
|
|
Pinch Hitting: RHB Ricky Jacquez
|
0-0: Ball 1-0: Ground out 5-3 (Groundball, 5S, EV 68.1 MPH)
|
|
Pinch Hitting: RHB Mark Wasinger
|
0-0: Ball 1-0: Ground out 6-3 (Groundball, 56, EV 95.6 MPH)
|
| Top of the 7th over - 0 runs, 0 hits, 0 errors, 0 left on base; Milwaukee 3 - Toronto 2 |
| BOTTOM OF THE 7TH |
|
Toronto Blue Jays batting - Pitching for Milwaukee Brewers : RHP Jim M Lewis
|
|
Now at 3B: Pat Tabler
|
|
|
Now in LF: Denny Walling
|
|
|
Now in CF: Ricky Jacquez
|
|
|
Batting: SHB Harold Reynolds
|
0-0: Called Strike 0-1: DOUBLE (Flyball, 8RD, EV 110.0 MPH)
|
|
Pinch Hitting: RHB Hubie Brooks
|
0-0: Swinging Strike 0-1: Ball Harold Reynolds steals 3rd base 1-1: SINGLE (Groundball, 4D, EV 104.4 MPH) Harold Reynolds scores
|
|
Pinch Hitting: LHB Ray Cosey
|
0-0: Called Strike 0-1: Called Strike 0-2: Foul Ball, location: 2F 0-2: Foul Ball, location: 2F 0-2: SINGLE (Flyball, 89S, EV 93.8 MPH) Hubie Brooks to second Runner from 2nd tries for 3rd, SAFE, no throw by RF
|
|
Batting: RHB Andres Galarraga
|
0-0: Ball 1-0: Ground out 6-3 (Groundball, 6, EV 89.4 MPH) Ray Cosey to second
|
|
Pinch Hitting: RHB Jeremy Nelson
|
0-0: Called Strike 0-1: Foul Ball, location: 2F 0-2: Ball 1-2: Strikes out looking
|
|
Batting: RHB Jim G Wilson
|
0-0: Ball 1-0: Called Strike 1-1: Ball 2-1: Foul Ball, location: 2F 2-2: Ball 3-2: Strikes out swinging
|
| Bottom of the 7th over - 1 run, 3 hits, 0 errors, 2 left on base; Milwaukee 3 - Toronto 3 |
| TOP OF THE 8TH |
|
Milwaukee Brewers batting - Pitching for Toronto Blue Jays : LHP Pete Filson
|
|
Now at 3B: Jeremy Nelson
|
|
|
Now in LF: Hubie Brooks
|
|
|
Now in CF: Ray Cosey
|
|
|
Pinch Hitting: RHB Martinho Varandas
|
0-0: Ball 1-0: Ball 2-0: Called Strike 2-1: Ball 3-1: Swinging Strike 3-2: Foul Ball, location: 2F 3-2: Strikes out swinging
|
|
Batting: RHB Thurman Munson
|
0-0: Ball 1-0: SINGLE (Line Drive, 4MD, EV 103.1 MPH)
|
|
Pinch Runner at 1st Wally Backman:
|
|
|
Pinch Hitting: LHB Andre David
|
0-0: Called Strike 0-1: Foul Ball, location: 2F 0-2: Ball 1-2: Foul Ball, location: 2F 1-2: Strikes out swinging
|
|
Pinch Hitting: RHB Kevin Buckley
|
0-0: Ball 1-0: Called Strike 1-1: Ball 2-1: SINGLE (Flyball, 3D, EV 97.5 MPH) Wally Backman to second Runner from 2nd tries for 3rd, OUT! 9-5
|
| Top of the 8th over - 0 runs, 2 hits, 0 errors, 1 left on base; Milwaukee 3 - Toronto 3 |
| BOTTOM OF THE 8TH |
|
Toronto Blue Jays batting - Pitching for Milwaukee Brewers : RHP Jim M Lewis
|
|
Pitching: RHP Carlos Martinez
|
|
|
Now at C: Kevin Buckley
|
|
|
Now at 1B: Martinho Varandas
|
|
|
Now in RF: Andre David
|
|
|
Pinch Hitting: RHB Jose Carrillo
|
0-0: Ball 1-0: Swinging Strike 1-1: Foul Ball, location: 2F 1-2: Foul Ball, location: 2F 1-2: Foul Ball, location: 2F 1-2: Ball 2-2: Ball 3-2: Base on Balls
|
|
Pinch Hitting: RHB Dave Meier
|
0-0: Foul Ball, location: 2F 0-1: Fly out, F7 (Flyball, 78S, EV 78.1 MPH)
|
|
Pinch Hitting: RHB Dann Bilardello
|
0-0: Ball 1-0: Called Strike 1-1: Ball 2-1: Ball 3-1: Foul Ball, location: 2F 3-2: Fly out, F4 (Flyball, 4D, EV 90.0 MPH)
|
|
Pinch Hitting: RHB Alex Villalobos
|
0-0: Ball 1-0: Swinging Strike 1-1: Swinging Strike 1-2: Ball 2-2: Ball 3-2: Base on Balls Jose Carrillo to second
|
|
Pinch Runner at 2nd Brad Gulden:
|
|
|
Batting: RHB Hubie Brooks
|
0-0: Called Strike 0-1: Called Strike 0-2: Ball 1-2: Ball 2-2: Foul Ball, location: 2F 2-2: Foul Ball, location: 2F 2-2: Foul Ball, location: 2F 2-2: Foul Ball, location: 2F 2-2: Ball 3-2: Base on Balls Brad Gulden to third Alex Villalobos to second
|
|
Batting: LHB Ray Cosey
|
0-0: Called Strike 0-1: Fielders Choice at 2nd, 4-6 (Groundball, 4MD, EV 101.3 MPH)
|
| Bottom of the 8th over - 0 runs, 0 hits, 0 errors, 3 left on base; Milwaukee 3 - Toronto 3 |
| TOP OF THE 9TH |
|
Milwaukee Brewers batting - Pitching for Toronto Blue Jays : LHP Pete Filson
|
|
Now at 1B: Dann Bilardello
|
|
|
Now at 2B: Jeff Doyle
|
|
|
Now at SS: Alex Villalobos
|
|
|
Now in RF: Dave Meier
|
|
|
Pinch Hitting: RHB Fred Manrique
|
0-0: Ball 1-0: Called Strike 1-1: Ball 2-1: Foul Ball, location: 2F 2-2: Foul Ball, location: 7LSF, Error on foul ball, E7 2-2: Ground out 5-3 (Groundball, 5, EV 88.1 MPH)
|
|
Batting: RHB Brian J Giles
|
0-0: Ball 1-0: Fly out, F9 (Flyball, 9D, EV 100.6 MPH)
|
|
Batting: LHB Denny Walling
|
0-0: Ball 1-0: Ball 2-0: Ball 3-0: Called Strike 3-1: Called Strike 3-2: Fly out, F8 (Flyball, 89D, EV 96.9 MPH)
|
| Top of the 9th over - 0 runs, 0 hits, 1 error, 0 left on base; Milwaukee 3 - Toronto 3 |
| BOTTOM OF THE 9TH |
|
Toronto Blue Jays batting - Pitching for Milwaukee Brewers : RHP Carlos Martinez
|
|
Now at SS: Fred Manrique
|
|
|
Pinch Hitting: SHB Butch Wynegar
|
0-0: Ball 1-0: Foul Ball, location: 2F 1-1: Foul Ball, location: 2F 1-2: Ball 2-2: Ball 3-2: Ground out U3 (Groundball, 13, EV 80.0 MPH)
|
|
Batting: RHB Jeremy Nelson
|
0-0: Called Strike 0-1: Ball 1-1: Foul Ball, location: 2F 1-2: Ball 2-2: Ground out 3-1 (Groundball, 34S, EV 90.6 MPH)
|
|
Batting: RHB Jim G Wilson
|
0-0: Foul Ball, location: 2F 0-1: Foul Ball, location: 2F 0-2: Strikes out swinging
|
| Bottom of the 9th over - 0 runs, 0 hits, 0 errors, 0 left on base; Milwaukee 3 - Toronto 3 |
| TOP OF THE 10TH |
|
Milwaukee Brewers batting - Pitching for Toronto Blue Jays : LHP Pete Filson
|
|
Now at C: Butch Wynegar
|
|
|
Batting: RHB Ricky Jacquez
|
0-0: Called Strike 0-1: Foul Ball, location: 2F 0-2: Strikes out swinging
|
|
Batting: RHB Pat Tabler
|
0-0: Called Strike 0-1: Fly out, F4 (Popup, 4, EV 60.6 MPH)
|
|
Batting: RHB Martinho Varandas
|
0-0: Called Strike 0-1: Ball 1-1: Swinging Strike 1-2: Ball 2-2: Ball 3-2: SINGLE (Line Drive, 6MD, EV 101.3 MPH)
|
|
Pitching: RHP Armando Guzman
|
|
|
Batting: LHB Al Oliver
|
0-0: Fly out, F7 (Flyball, 7D, EV 104.4 MPH)
|
| Top of the 10th over - 0 runs, 1 hit, 0 errors, 1 left on base; Milwaukee 3 - Toronto 3 |
| BOTTOM OF THE 10TH |
|
Toronto Blue Jays batting - Pitching for Milwaukee Brewers : RHP Carlos Martinez
|
|
Pitching: RHP Enrique Reyes
|
|
|
Batting: SHB Jeff Doyle
|
0-0: Ground out 4-3 (Groundball, 4, EV 88.1 MPH)
|
|
Batting: RHB Dave Meier
|
0-0: Foul Ball, location: 2F 0-1: Ball 1-1: Ball 2-1: Fly out, F7 (Flyball, 7LS, EV 81.9 MPH)
|
|
Pinch Hitting: LHB Paul O'Neill
|
0-0: Ball 1-0: Foul Ball, location: 2F 1-1: Foul Ball, location: 2F 1-2: Ball 2-2: Strikes out looking
|
| Bottom of the 10th over - 0 runs, 0 hits, 0 errors, 0 left on base; Milwaukee 3 - Toronto 3 |
| TOP OF THE 11TH |
|
Milwaukee Brewers batting - Pitching for Toronto Blue Jays : RHP Armando Guzman
|
|
Now at 1B: Al Pardo
|
|
|
Batting: LHB Andre David
|
0-0: Called Strike 0-1: Ball 1-1: Called Strike 1-2: Foul Ball, location: 2F 1-2: Ground out 6-3 (Groundball, 6, EV 107.5 MPH)
|
|
Batting: RHB Kevin Buckley
|
0-0: Ball 1-0: Hit by Pitch
|
|
Pinch Hitting: LHB Pat Sheridan
|
0-0: Swinging Strike 0-1: Foul Ball, location: 2F 0-2: Ball 1-2: Fly out, F7 (Flyball, 7D, EV 106.9 MPH)
|
|
Batting: RHB Brian J Giles
|
0-0: Called Strike 0-1: Swinging Strike 0-2: Strikes out swinging
|
| Top of the 11th over - 0 runs, 0 hits, 0 errors, 1 left on base; Milwaukee 3 - Toronto 3 |
| BOTTOM OF THE 11TH |
|
Toronto Blue Jays batting - Pitching for Milwaukee Brewers : RHP Enrique Reyes
|
|
Now at SS: Mike Gates
|
|
|
Batting: RHB Alex Villalobos
|
0-0: Ground out 4-3 (Groundball, 34, EV 104.4 MPH)
|
|
Batting: RHB Hubie Brooks
|
0-0: Called Strike 0-1: Swinging Strike 0-2: Foul Ball, location: 2F 0-2: Foul Ball, location: 2F 0-2: Strikes out swinging wild pitch, reaches first!
|
|
Batting: LHB Ray Cosey
|
0-0: Called Strike 0-1: Ball 1-1: Ball 2-1: Fly out, F5 (Popup, 5, EV 68.8 MPH)
|
|
Batting: SHB Butch Wynegar
|
0-0: DOUBLE (Line Drive, 9LS, EV 90.6 MPH) Hubie Brooks to third Runner from 3rd tries for Home, SAFE, throw by RF to trailing runner, SAFE at third!
|
| Bottom of the 11th over - 1 run, 1 hit, 0 errors, 0 left on base; Milwaukee 3 - Toronto 4 |
|